 Dungeon Crawl Stone Soup version 0.29-a0-817-g9904bce7a6 (webtiles) character file.

Game seed: 8007267746076974115

86710 frimble the Impaler (level 15, -1/141 HPs)
             Began as a Minotaur Monk on July 6, 2022.
             Was a High Priest of Okawaru.
             Slain by an orc warlord
             ... wielding a +4 vorpal great sword
              (7 damage)
             ... on level 2 of the Orcish Mines.
             The game lasted 00:31:20 (25359 turns).

frimble the Impaler (Minotaur Monk)                Turns: 25359, Time: 00:31:21

Health: -1/141     AC: 25    Str: 20    XL:     15   Next: 41%
Magic:  0/22       EV: 19    Int: 15    God:    Okawaru [*****.]
Gold:   1679       SH: 12    Dex: 14    Spells: 4/14 levels left

rFire   . . .      SeeInvis .   b - +6 glaive (protect)
rCold   + . .      Faith    .   (shield currently unavailable)
rNeg    . . .      Spirit   +   Q - +1 ring mail of Xosen {Will+}
rPois   .          Reflect  .   W - +1 hat "Gusm" {rElec Str+4 Stlth-}
rElec   +          Harm     .   E - +1 cloak
rCorr   .          Rampage  .   U - +0 pair of gloves "Niaxapre" {rElec}
Will    +++..                   M - +1 pair of boots
Stlth   ++........              R - brooch of Shielding {Spirit SH+8}
HPRegen 0.33/turn               g - ring of willpower
MPRegen 0.18/turn               j - ring "Reugacet" {rC+ Int+2}

@: about to teleport, heroic, under a protective aura, studying Dodging, unable
to drink
A: horns 2, retaliatory headbutt, iridescent scales 1, large bone plates 1,
inability to drink while threatened 1
a: Renounce Religion, Heroism, Finesse, Duel


You were on level 2 of the Orcish Mines.
You worshipped Okawaru.
Okawaru was extremely pleased with you.
You visited 4 branches of the dungeon, and saw 22 of its levels.
You also visited: Gauntlet.

You collected 2106 gold pieces.
You spent 427 gold pieces at shops.

Inventory:

Hand Weapons
 a - the +9 heavy crossbow "Sniper" {vorpal, Acc+∞ SInv}
   (You took it off a minotaur in a Gauntlet)

   Any ammunition fired from it inflicts extra damage upon your enemies.
   Any ammunition fired from it never misses its target.
   SInv:      It lets you see invisible.
 b - a +6 glaive of protection (weapon)
 Y - a +1 vampiric trident
Missiles
 h - 7 throwing nets
 u - 27 boomerangs
 v - 16 javelins (quivered)
 F - 16 silver javelins
Armour
 E - a +1 cloak (worn)
 M - a +1 pair of boots (worn)
 Q - the +1 ring mail of Xosen (worn) {Will+}
   (Okawaru gifted it to you on level 4 of the Lair of Beasts)

   Will:      It increases your willpower.
 U - the +0 pair of gloves "Niaxapre" (worn) {rElec}
   (You bought it in a shop on level 12 of the Dungeon)

   rElec:     It insulates you from electricity.
 W - the +1 hat "Gusm" (worn) {rElec Str+4 Stlth-}
   (You found it in a Gauntlet)

   Str:       It affects your strength (+4).
   rElec:     It insulates you from electricity.
   Stlth:     It makes you less stealthy.
Jewellery
 g - a ring of willpower (left hand)
 j - the ring "Reugacet" (right hand) {rC+ Int+2}
   (You took it off a minotaur in a Gauntlet)

   [ring of protection from cold]

   Int:       It affects your intelligence (+2).
   rC:        It protects you from cold.
 q - a +6 ring of dexterity
 R - the brooch of Shielding (around neck) {Spirit SH+8}
   (You found it on level 11 of the Dungeon)

   [amulet of guardian spirit]

   It causes incoming damage to be divided between your reserves of health and
   magic.
   SH:        It affects your SH (+8).
 T - a ring of resist corrosion
Wands
 f - a wand of digging (20)
 t - a wand of paralysis (20)
 x - a wand of roots (12)
 B - a wand of light (5)
 L - a wand of mindburst (17)
 O - a wand of polymorph (13)
Scrolls
 l - a scroll of immolation
 m - 4 scrolls of vulnerability
 o - 2 scrolls of enchant armour
 s - 6 scrolls of teleportation
 y - 4 scrolls of blinking
 C - 2 scrolls of magic mapping
 G - a scroll of brand weapon
 H - a scroll of amnesia
 I - 3 scrolls of fear
 N - 2 scrolls of fog
 Z - 3 scrolls of silence
Potions
 c - 2 potions of ambrosia
 d - 13 potions of curing
 e - 4 potions of flight
 k - 2 potions of might
 n - 6 potions of brilliance
 p - 6 potions of attraction
 r - 3 potions of magic
 w - 2 potions of resistance
 z - 2 potions of cancellation
 A - 2 potions of berserk rage
 D - 2 potions of haste
 J - 2 potions of invisibility
 K - 4 potions of mutation
 S - 7 potions of heal wounds
 V - a potion of lignification
Miscellaneous
 X - a lightning rod (4/4)


   Skills:
 + Level 15.1(20.1) Fighting
 + Level 15.9(20.9) Polearms
 + Level 8.2(13.2) Ranged Weapons
 - Level 7.3(12.3) Throwing
 + Level 8.4(13.4) Armour
 + Level 12.0(17.0) Dodging
 - Level 1.5(6.5) Stealth
 + Level 3.6 Translocations
 - Level 11.0 Invocations
 - Level 8.2 Evocations


You had 4 spell levels left.
You knew the following spells:

 Your Spells              Type           Power      Damage    Failure   Level
a - Apportation           Tloc           20%        N/A       9%          1
b - Passage of Golubria   Tloc           10%        N/A       65%         4
c - Irradiate             Conj/Tmut      0%         3d13      100%        5

Your spell library contained the following spells:

 Spells                   Type           Power      Damage    Failure   Level
 Foxfire                  Conj/Fire      0%         2x1d4     36%         1
 Magic Dart               Conj           0%         1d3       36%         1
 Necrotise                Necr           0%         1d4       36%         1
 Sting                    Tmut/Pois      0%         1d3       36%         1
 Poisonous Vapours        Pois/Air       0%         N/A       52%         2
 Sublimation of Blood     Necr           0%         N/A       52%         2
 Conjure Flame            Conj/Fire      0%         6-21      75%         3
 Frozen Ramparts          Ice            0%         1d2       75%         3
 Ignite Poison            Fire/Tmut/Pois 0%         N/A       75%         3
 Inner Flame              Hex/Fire       0%         N/A       75%         3
 Mephitic Cloud           Conj/Pois/Air  0%         N/A       75%         3
 Spider Form              Tmut/Pois      0%         N/A       75%         3
 Vampiric Draining        Necr           0%         2d6       75%         3
 Corpse Rot               Necr/Pois/Air  0%         N/A       98%         4
 Flame Wave               Conj/Fire      0%         2d4       98%         4
 Hailstorm                Conj/Ice       0%         3d3       98%         4
 Ice Form                 Ice/Tmut       0%         N/A       98%         4
 Leda's Liquefaction      Hex/Erth       0%         N/A       98%         4
 Olgreb's Toxic Radiance  Pois           0%         N/A       98%         4
 Petrify                  Tmut/Erth      0%         N/A       98%         4
 Agony                    Necr           0%         N/A       100%        5
 Blade Hands              Tmut           0%         N/A       100%        5
 Freezing Cloud           Conj/Ice/Air   0%         6-21      100%        5
 Lee's Rapid Deconstruct  Erth           0%         3d5*      100%        5
 Iron Shot                Conj/Erth      0%         9d1       100%        6
 Statue Form              Tmut/Erth      0%         N/A       100%        6
 Ignition                 Fire           0%         3d3       100%        8
 Summon Small Mammal      Summ           Unusable   N/A       N/A         1
 Call Imp                 Summ           Unusable   N/A       N/A         2
 Animate Armour           Summ/Erth      Unusable   N/A       N/A         4
 Summon Ice Beast         Ice/Summ       Unusable   N/A       N/A         4
 Simulacrum               Ice/Necr       Unusable   N/A       N/A         6

Dungeon Overview and Level Annotations

Branches:
Dungeon (13/15)            Temple (1/1) D:5            Lair (6/6) D:10
  Swamp (0/4) Lair:2       Spider (0/4) Lair:4        Slime (0/5) Lair:5
    Orc (2/2) D:12            Elf (0/3) Orc:2       Gauntlet (visited)
 Vaults: D:13-14

Altars:
Dithmenos
Nemelex Xobeh
Okawaru
Ru
Wu Jian
Zin
Jiyva

Shops:
D:8 *   D:12 [   Orc:2 :[

Annotations:
D:1 digg
D:9 4 transporters
D:12 2 transporters, Akhots's ghost, journeyman DsTm
D:13 Frances


Innate Abilities, Weirdness & Mutations

You have a pair of horns on your head.
You reflexively headbutt those who attack you in melee.
You are partially covered in iridescent scales. (AC +2)
You are partially covered in large bone plates. (SH +4)
You occasionally lose the ability to drink potions when taking damage.


Message History

The grasping roots constrict the orc knight.
The roots release their grip on the orc warlord.
The roots release their grip on the orc knight.
The orc warlord hits you with a +4 vorpal great sword!!!
You are too injured to fight recklessly!
Aiming: Fastroot
Press: ? - help, Shift-Dir - straight line, f/p - orc warlord
Aim: an orc warlord, wielding a +4 vorpal great sword and wearing a +0 plate armour (lightly wounded, strong)
The roots erupt in riotous growth!
Roots grab the orc warlord.
Roots grab the orc knight.
The grasping roots constrict the orc warlord.
The grasping roots constrict the orc knight!
You block the orc warlord's attack. The orc knight closely misses you.
You furiously retaliate!
You headbutt the orc knight!
You hit the orc warlord but do no damage.
The orc warlord is lightly wounded.
The grasping roots constrict the orc warlord.
The grasping roots constrict the orc knight!
The orc warlord hits you with a +4 vorpal great sword!!
You feel threatened and lose the ability to drink potions!
You block the orc knight's attack.
You slash the orc warlord!
You headbutt the orc warlord, but do no damage.
The orc warlord is moderately wounded.
The grasping roots constrict the orc warlord.
The grasping roots constrict the orc knight.
As you read the scroll of teleportation, it crumbles to dust.
You feel strangely unstable.
The grasping roots constrict the orc warlord!!
The grasping roots constrict the orc knight!
The roots release their grip on the orc warlord.
The orc warlord closely misses you. You block the orc knight's attack.
You hit the orc knight but do no damage.
The orc knight is almost dead.
The grasping roots constrict the orc knight!
You kill the orc knight!
Okawaru accepts your kill.
The orc warlord hits you with a +4 vorpal great sword!!!
* * * LOW HITPOINT WARNING * * *
You die...

...)..................P.).P#..)##
.....<.....................##.#)#
...................P............)
.............. #.....8........#..
...............#.P....∩..P...####
.....................P...P.P##
................#............#
...............###..P.........#
##.....8P..P...)@...P.P......##
......o............##
.P)..$............##
.)....#...........#
..P...............#
..................
P.P#..###.###.#.# ...#$# ## #.


You could see an orc warlord (strong).

Vanquished Creatures
  Gastronok (D:8)
  An orc warlord (Orc:1)
  Azrael (D:12)
  5 dire elephants (Lair:6)
  A minotaur (Gauntlet)
  The ghost of Bigaod the Fighter, a journeyman DsGl of Ru (Orc:1)
  A fire dragon (Lair:5)
  Josephine (D:12)
  Harold (D:10)
  A boulder beetle (Lair:6)
  Erolcha (D:10)
  8 hydras
  A catoblepas (D:13)
  A centaur warrior (D:13)
  6 two-headed ogres
  A death scarab (Gauntlet)
  A spectral dire elephant (Lair:6)
  A death yak (Lair:6)
  2 tengu warriors (D:13)
  An orc high priest (Orc:2)
  A hell hog (Gauntlet)
  A fire crab (Lair:6)
  A spectral death yak (Lair:6)
  Lodul (D:12)
  A spectral anaconda (Lair:6)
  An obsidian statue (Lair:6)
  4 orc knights
  3 necromancers (Lair:6)
  5 orc sorcerers
  An ugly thing (D:11)
  A manticore (D:12)
  Maurice (D:8)
  2 dire elephant zombies (Lair:6)
  3 cyclopes
  11 black mambas
  18 elephants
  Maggie (D:6)
  Psyche (D:8)
  9 cane toads
  2 gargoyles
  A torpor snail (Lair:2)
  14 rime drakes (Lair:5)
  13 komodo dragons
  3 trolls
  3 polar bears
  17 blink frogs
  Grinder (D:3)
  6 dream sheep (Lair:6)
  3 slime creatures (Gauntlet)
  A spectral elephant (Lair:6)
  Sigmund (D:4)
  A culicivora (shapeshifter) (D:13)
  2 jumping spiders (Lair:4)
  A vampire (D:12)
  Eustachio (D:4)
  4 wyverns
  3 shadows
  4 fire elementals (D:12)
  5 wraiths
  3 fire bats (Gauntlet)
  A redback (Lair:4)
  45 yaks
  Grum (D:10)
  A basilisk (Lair:4)
  2 death yak simulacra (Lair:6)
  4 steam dragons (Lair:5)
  6 wargs
  A spectral cane toad (Lair:6)
  5 acid dragons
  11 water moccasins
  3 hell hounds
  27 orc warriors
  2 ice beasts
  A spectral torpor snail (Gauntlet)
  An elephant zombie (Lair:6)
  A sky beast (D:7)
  18 ogres
  15 wolves
  8 centaurs
  3 phantoms
  3 kobold brigands
  5 gnoll sergeants
  A necrophage (D:7)
  23 bullfrogs
  6 scorpions
  A cane toad simulacrum (Lair:6)
  10 wights
  30 killer bees
  An electric eel (Lair:4)
  2 elephant simulacra (Lair:6)
  2 howler monkeys
  4 gnoll boudas
  2 hounds
  13 orc priests
  3 jellies
  Ijyb (D:4)
  6 iguanas
  17 orc wizards
  Robin (D:2)
  23 gnolls
  5 adders
  2 ufetubi
  2 dart slugs (D:5)
  71 orcs
  5 bats
  5 endoplasms
  3 giant cockroaches
  12 goblins
  7 hobgoblins
  3 jackals (D:5)
  6 quokkas
  5 ball pythons
  2 frilled lizards (D:3)
  8 kobolds
  5 rats
643 creatures vanquished.

Vanquished Creatures (others)
  4 demonic plants (Gauntlet)
  17 fungi
  42 plants
  19 withered plants (Lair:6)
82 creatures vanquished.

Grand Total: 725 creatures vanquished

Notes
Turn   | Place    | Note
-------+----------+-------------------------------------------
     0 | D:1      | frimble the Minotaur Monk began the quest for the Orb.
     0 | D:1      | Reached XP level 1. HP: 19/19 MP: 0/0
   174 | D:1      | Reached XP level 2. HP: 26/26 MP: 1/1
   755 | D:2      | Reached skill level 5 in Polearms
   806 | D:2      | Noticed Robin
   811 | D:2      | Reached XP level 3. HP: 26/31 MP: 2/2
   818 | D:2      | Gained mutation: You are clumsy. (Dex -2) [potion of
                  | mutation]
   818 | D:2      | Gained mutation: You are resistant to electric shocks.
                  | (rElec) [potion of mutation]
   818 | D:2      | Gained mutation: You have hidden genetic defects. [potion
                  | of mutation]
   818 | D:2      | Gained mutation: You are partially covered in iridescent
                  | scales. (AC +2) [potion of mutation]
  1026 | D:2      | Killed Robin
  1028 | D:2      | Gained mutation: Your magical capacity is low. (-10% MP)
                  | [hidden defects]
  1174 | D:2      | Found a faded altar of an unknown god.
  1252 | D:2      | Lost mutation: You have hidden genetic defects. [potion of
                  | mutation]
  1252 | D:2      | Lost mutation: You are partially covered in iridescent
                  | scales. (AC +2) [potion of mutation]
  1252 | D:2      | Gained mutation: You do not regenerate when monsters are
                  | visible. [potion of mutation]
  1252 | D:2      | Gained mutation: Your spells are a little harder to cast,
                  | but a little more powerful. [potion of mutation]
  1252 | D:2      | Gained mutation: You occasionally lose the ability to read
                  | scrolls when taking damage. [potion of mutation]
  1252 | D:2      | Lost mutation: You are clumsy. (Dex -2) [potion of
                  | mutation]
  1465 | D:2      | Reached XP level 4. HP: 20/39 MP: 2/2
  2098 | D:3      | Noticed Grinder
  2129 | D:3      | Paralysed by Grinder for 5 turns
  2136 | D:3      | Killed Grinder
  2137 | D:3      | Reached XP level 5. HP: 14/47 MP: 3/3
  2137 | D:3      | Reached XP level 6. HP: 16/53 MP: 4/4
  2402 | D:3      | Lost mutation: You do not regenerate when monsters are
                  | visible. [potion of mutation]
  2402 | D:3      | Lost mutation: You occasionally lose the ability to read
                  | scrolls when taking damage. [potion of mutation]
  2402 | D:3      | Lost mutation: You are resistant to electric shocks.
                  | (rElec) [potion of mutation]
  2402 | D:3      | Gained mutation: You occasionally lose the ability to drink
                  | potions when taking damage. [potion of mutation]
  2402 | D:3      | Gained mutation: You are partially covered in large bone
                  | plates. (SH +4) [potion of mutation]
  2403 | D:3      | Lost mutation: Your magical capacity is low. (-10% MP)
                  | [potion of mutation]
  2403 | D:3      | Lost mutation: Your spells are a little harder to cast, but
                  | a little more powerful. [potion of mutation]
  2403 | D:3      | Gained mutation: You are partially covered in iridescent
                  | scales. (AC +2) [potion of mutation]
  2747 | D:3      | Found an ornate altar of the Wu Jian Council.
  3159 | D:4      | Noticed Ijyb
  3168 | D:4      | Killed Ijyb
  3169 | D:4      | Reached skill level 5 in Fighting
  3298 | D:4      | Noticed Eustachio
  3329 | D:4      | Killed Eustachio
  3330 | D:4      | Reached XP level 7. HP: 56/61 MP: 6/6
  3449 | D:4      | Reached skill level 5 in Dodging
  3665 | D:4      | Noticed Sigmund
  3681 | D:4      | Killed Sigmund
  3953 | D:5      | Entered Level 5 of the Dungeon
  3961 | D:5      | Reached XP level 8. HP: 70/70 MP: 7/7
  4300 | D:5      | Found a sparkling altar of Nemelex Xobeh.
  4437 | D:5      | Found a staircase to the Ecumenical Temple.
  5127 | D:5      | Reached skill level 5 in Throwing
  5447 | D:6      | Reached XP level 9. HP: 79/79 MP: 8/8
  5619 | D:6      | Noticed Maggie
  5628 | D:6      | Killed Maggie
  6287 | D:7      | Reached skill level 10 in Polearms
  6611 | D:7      | Identified the +0 long sword of Tension {spect, rF++ rC-
                  | rN+ Dex+2}
  6626 | D:7      | Identified the +0 plate armour of Kuoxigoh {Dex+2}
  6839 | D:8      | Reached XP level 10. HP: 65/91 MP: 9/9
  7074 | D:8      | Noticed Maurice
  7088 | D:8      | Killed Maurice
  7591 | D:8      | Found Qaan's General Store.
  7669 | Temple   | Entered the Ecumenical Temple
  7735 | Temple   | Became a worshipper of Warmaster Okawaru
  7735 | Temple   | Reached * piety under Okawaru
  7735 | Temple   | Reached ** piety under Okawaru
  7858 | D:8      | Reached skill level 1 in Invocations
  7907 | D:8      | Reached skill level 1 in Evocations
  8259 | D:8      | Noticed Psyche
  8272 | D:8      | Killed Psyche
  8273 | D:8      | Reached skill level 10 in Fighting
  8433 | D:8      | Noticed Gastronok
  8455 | D:8      | Killed Gastronok
  8455 | D:8      | Reached *** piety under Okawaru
  8456 | D:8      | Reached XP level 11. HP: 100/100 MP: 10/13
  8723 | D:8      | Received a gift from Okawaru
  9045 | D:9      | Found a transporter.
  9131 | D:9      | Found a transporter.
  9414 | D:9      | Found a transporter.
  9700 | D:9      | Noticed a two-headed ogre
  9707 | D:9      | Killed a two-headed ogre
  9707 | D:9      | Reached **** piety under Okawaru
  9816 | D:9      | Found a transporter.
 10188 | D:10     | Entered Level 10 of the Dungeon
 10200 | D:10     | Reached skill level 5 in Invocations
 10370 | D:10     | Noticed Harold
 10394 | D:10     | Killed Harold
 10410 | D:10     | Reached skill level 10 in Dodging
 10679 | D:10     | Received a gift from Okawaru
 10685 | D:10     | Reached skill level 1 in Armour
 10812 | D:10     | Found a staircase to the Lair.
 10986 | D:10     | Noticed Grum
 11017 | D:10     | Killed Grum
 11017 | D:10     | Reached ***** piety under Okawaru
 11309 | D:10     | Noticed Erolcha
 11316 | D:10     | Killed Erolcha
 11444 | D:11     | Noticed a cyan ugly thing
 11463 | D:11     | Killed a cyan ugly thing
 11836 | D:11     | Found the brooch of Shielding {Spirit SH+8}
 11885 | D:11     | Noticed a two-headed ogre
 11895 | D:11     | Killed a two-headed ogre
 11896 | D:11     | Reached XP level 12. HP: 110/110 MP: 14/16
 12752 | D:12     | Noticed Azrael
 12774 | D:12     | Killed Azrael
 13161 | D:12     | Found a transporter.
 13165 | D:12     | Noticed Akhots's ghost (journeyman DsTm)
 13181 | D:12     | Found a transporter.
 13244 | D:12     | Noticed a two-headed ogre
 13251 | D:12     | Killed a two-headed ogre
 13280 | D:12     | Noticed Lodul
 13312 | D:12     | Killed Lodul
 13313 | D:12     | Reached skill level 5 in Evocations
 13537 | D:12     | Noticed Josephine
 13549 | D:12     | Killed Josephine
 13549 | D:12     | Received a gift from Okawaru
 13680 | D:12     | Found a staircase to the Orcish Mines.
 13681 | D:12     | Found Maibreh's Armour Shoppe.
 13697 | D:12     | Bought the +0 pair of gloves "Niaxapre" {rElec} for 240
                  | gold pieces
 13852 | D:12     | Noticed a two-headed ogre
 13860 | D:12     | Killed a two-headed ogre
 14341 | D:13     | Noticed Frances
 14346 | D:13     | Noticed a catoblepas
 14352 | D:13     | Killed a catoblepas
 14375 | D:13     | Noticed a centaur warrior
 14384 | D:13     | Killed a centaur warrior
 14384 | D:13     | Reached ****** piety under Okawaru
 14414 | D:13     | Found a gate leading to a gauntlet.
 14421 | Gauntlet | Entered a Gauntlet
 14421 | Gauntlet | Noticed a death scarab
 14421 | Gauntlet | Found a transporter.
 14661 | Gauntlet | Found a transporter.
 14663 | Gauntlet | Found a transporter.
 14674 | Gauntlet | Found a transporter.
 14677 | Gauntlet | Found a transporter.
 14694 | Gauntlet | Found a transporter.
 14701 | Gauntlet | Found a runed translucent door.
 14701 | Gauntlet | Noticed a great orb of eyes
 14702 | Gauntlet | Found a transporter.
 14703 | Gauntlet | Found a runed translucent door.
 14713 | Gauntlet | Found a transporter.
 14721 | Gauntlet | Noticed a hell hog
 14723 | Gauntlet | Noticed a catoblepas
 14725 | Gauntlet | Found a transporter.
 14730 | Gauntlet | Found a transporter.
 14730 | Gauntlet | Found a transporter.
 14758 | Gauntlet | Found a transporter.
 14758 | Gauntlet | Found a transporter.
 14808 | Gauntlet | Found a transporter.
 14902 | Gauntlet | Killed a death scarab
 15041 | Gauntlet | Killed a hell hog
 15041 | Gauntlet | Received a gift from Okawaru
 15042 | Gauntlet | Reached XP level 13. HP: 102/119 MP: 13/19
 15063 | Gauntlet | Identified the +1 hat "Gusm" {rElec Str+4 Stlth-}
 15181 | Gauntlet | Identified the ring "Reugacet" {rC+ Int+2}
 15181 | Gauntlet | Noticed a minotaur
 15190 | Gauntlet | Killed a minotaur
 15413 | Gauntlet | Got Kaco's Thaumaturgy, Part Four
 15463 | D:13     | Reached skill level 10 in Invocations
 15467 | D:13     | Received a gift from Okawaru
 15481 | D:13     | Reached skill level 1 in Ranged Weapons
 15489 | D:13     | Identified the +3 ring mail of Cetzaedgh {rC+++ Dex-5 SInv
                  | Stlth+} (Okawaru gifted it to you on level 13 of the
                  | Dungeon)
 15489 | D:13     | Received a gift from Okawaru
 15895 | Lair:1   | Entered Level 1 of the Lair of Beasts
 16730 | Lair:2   | Found a staircase to the Swamp.
 17651 | Lair:3   | Received a gift from Okawaru
 18667 | Lair:4   | Identified the +1 ring mail of Xosen {Will+} (Okawaru
                  | gifted it to you on level 4 of the Lair of Beasts)
 18667 | Lair:4   | Received a gift from Okawaru
 18686 | Lair:4   | Found a hole to the Spider Nest.
 19238 | Lair:4   | Reached skill level 5 in Ranged Weapons
 19238 | Lair:4   | Reached XP level 14. HP: 130/130 MP: 21/21
 19544 | Lair:5   | Found a viscous altar of Jiyva.
 19547 | Lair:5   | Found a staircase to the Slime Pits.
 19756 | Lair:5   | Reached skill level 5 in Armour
 20706 | Lair:5   | Learned a level 1 spell: Apportation
 20711 | Lair:5   | Learned a level 4 spell: Passage of Golubria
 20717 | Lair:5   | Learned a level 5 spell: Irradiate
 20743 | Lair:6   | Entered Level 6 of the Lair of Beasts
 20959 | Lair:6   | Reached skill level 15 in Polearms
 20973 | Lair:6   | Reached skill level 1 in Translocations
 21371 | Lair:6   | Identified the +0 plate armour "Kuel" {+Blink Str+4}
                  | (Okawaru gifted it to you on level 6 of the Lair of Beasts)
 21371 | Lair:6   | Received a gift from Okawaru
 21486 | Lair:6   | Identified a scroll of acquirement
 21488 | Lair:6   | Acquired a manual of Dodging
 22735 | Lair:6   | Reached XP level 15. HP: 116/136 MP: 18/22
 23196 | Lair:6   | Got the Quarto of Sweltering Blight
 23896 | Orc:1    | Entered Level 1 of the Orcish Mines
 24087 | Orc:1    | Found a transporter.
 24087 | Orc:1    | Noticed Bigaod's ghost (journeyman DsGl)
 24088 | Orc:1    | Found a transporter.
 24179 | Orc:1    | Noticed an orc warlord
 24197 | Orc:1    | Killed an orc warlord
 24609 | Orc:1    | Reached skill level 15 in Fighting
 24623 | Orc:1    | Killed Bigaod's ghost
 24663 | Orc:1    | Identified the ring "Cepakh Poxyi" {Fire rCorr Str+6
                  | Slay-6}
 24701 | Orc:2    | Entered Level 2 of the Orcish Mines
 24717 | Orc:2    | Found Jaevoj's Book Shoppe.
 25061 | Orc:2    | Found a staircase to the Elven Halls.
 25294 | Orc:2    | Found Wilos's Antique Armour Emporium.
 25320 | Orc:2    | Bought a pair of runed boots for 187 gold pieces
 25343 | Orc:2    | Noticed an orc warlord
 25359 | Orc:2    | HP: 6/141 [orc warlord/+4 vorpal great sword (41)]
 25359 | Orc:2    | Slain by an orc warlord

Illustrated notes

Levels and vault maps discovered:
D:1:      lightli_molten_gateway, layout_loops_ring, due_unseen_surprise
D:2:      layout_loops_cross, basic_ecumenical_altar, uniq_robin
D:3:      cheibrodos_pilgrimage, layout_basic, nzn_wu_jian_council_hall,
          uniq_grinder
D:4:      layout_basic, uniq_ijyb, uniq_eustachio, uniq_sigmund
D:5:      minmay_bubble_buster, layout_basic, nicolae_overflow_hidden_temple,
          minmay_temple_entry_grid
D:6:      layout_basic, eino_tiny_chamber, uniq_maggie
D:7:      layout_rooms, corexii_checkpoint_a, st_stairs_8,
          minmay_large_rounded_square
D:8:      kennysheep_seaside_town, layout_gridville, serial_shops,
          nicolae_square_shop, serial_bayou_pond_c, uniq_maurice, uniq_psyche,
          uniq_gastronok
D:9:      layout_cave_pods, nicolae_transporter_intersection
D:10:     layout_loops_ring, david_lair_shrubbed, uniq_erolcha, uniq_grum,
          uniq_harold
D:11:     layout_cave_pods
D:12:     layout_gridville, orc_david_3, gammafunk_ghost_arena, uniq_josephine,
          uniq_lodul, uniq_azrael
D:13:     layout_rooms, gauntlet_entry_generic, uniq_frances
Temple:   mainiacjoe_temple_big_plus
Lair:1:   layout_roguey, infiniplex_staircase_pool_2
Lair:2:   layout_loops_ring, swamp_mist
Lair:3:   layout_cave_pods, grunt_megastairs_5
Lair:4:   layout_regular_city, spider_nest_entry_a, serial_bayou_shore_a,
          grunt_megastairs_4
Lair:5:   layout_roguey, slime_entry_1, serial_bayou_pond_c,
          bobbens_dragon_lair_wall
Lair:6:   due_jungle_book, layout_big_grid, dreamdust_gnoll_shepherd
Orc:1:    layout_caves, gammafunk_ghost_arena
Orc:2:    grunt_orc_gardens, layout_caves, grunt_orc_garden, grunt_orc_garden,
          grunt_orc_garden, grunt_orc_garden, nicolae_orc_pool_cavern

Skill      XL: |  1  2  3  4  5  6  7  8  9 10 11 12 13 14 15 |
---------------+----------------------------------------------+-----
Polearms       | 4 5 6 7 9 10 11 12 13 14 15 | 15.9
Fighting       | 4 5 6 7 9 10 11 12 13 14 15 | 15.1
Throwing       | 2 3 5 6 7 |  7.3
Dodging        | 4 5 6 8 9 10 11 12 | 12.0
Invocations    | 4 7 9 11 | 11.0
Evocations     | 2 4 6 7 8 |  8.2
Armour         | 3 4 7 8 |  8.4
Ranged Weapons | 5 7 8 |  8.2
Translocations | 2 3 |  3.6
Stealth        | |  1.5

Action                   |  1- 3 |  4- 6 |  7- 9 | 10-12 | 13-15 || total
-------------------------+-------+-------+-------+-------+-------++-------
Melee: Spear             |   100 |   125 |    43 |       |       ||   268
       Headbutt          |     8 |    19 |    31 |   193 |   169 ||   420
       Punch             |       |     3 |     3 |    14 |       ||    20
       Halberd           |       |       |   171 |    28 |       ||   199
       Trident           |       |       |    39 |   744 |       ||   783
       Unarmed           |       |       |       |     9 |       ||     9
       Glaive            |       |       |       |    94 |   704 ||   798
 Fire: Heavy crossbow    |       |       |       |       |   209 ||   209
Throw: Dart              |       |     6 |     7 |       |       ||    13
       Boomerang         |       |     3 |     7 |    26 |       ||    36
       Javelin           |       |       |       |    10 |     7 ||    17
       Throwing net      |       |       |       |     1 |       ||     1
Invok: Heroism           |       |       |       |    22 |    36 ||    58
       Finesse           |       |       |       |       |     3 ||     3
Evoke: Wand              |       |       |     6 |     1 |     4 ||    11
  Use: Scroll            |     3 |     1 |     5 |    18 |    10 ||    37
       Potion            |     2 |     2 |       |       |     1 ||     5
 Stab: Sleeping          |     2 |     2 |     8 |     9 |       ||    21
       Distracted        |     1 |       |       |     1 |       ||     2
       Held in net/web   |       |       |       |     1 |       ||     1
Armor: Robe              |     2 |       |       |       |       ||     2
       Leather armour    |    18 |     9 |    18 |       |       ||    45
       Steam dragon scal |       |       |    30 |    47 |       ||    77
       Skin              |       |       |       |     2 |       ||     2
       Acid dragon scale |       |       |       |    58 |    72 ||   130
       Ring mail         |       |       |       |       |   189 ||   189
Dodge: Dodged            |    56 |    25 |   135 |   471 |   628 ||  1315
Block: Other             |       |     5 |    29 |   170 |   544 ||   748

Table legend: (Time is in decaauts)
 A = Elapsed time spent in this place.
 B = Non-inter-level travel time spent in this place.
 C = Inter-level travel time spent in this place.
 D = Time resting spent in this place.
 E = Time spent auto-exploring this place.
 F = Levels seen in this place.
 G = Mean time per level.
                   A        B        C        D        E       F      G
               +--------+--------+--------+--------+--------+-----+--------+
         Total |  25220 |  23680 |   1540 |    684 |  19122 |  23 | 1096.5 |
       Dungeon |  14678 |  13745 |    933 |    626 |  10887 |  13 | 1129.1 |
        Temple |     96 |     51 |     45 |      0 |     49 |   1 |   96.0 |
          Lair |   8055 |   7556 |    499 |      8 |   6380 |   6 | 1342.5 |
  Orcish Mines |   1399 |   1337 |     62 |      0 |   1006 |   2 |  699.5 |
      Gauntlet |    989 |    989 |      0 |     50 |    800 |   1 |  989.0 |
               +--------+--------+--------+--------+--------+-----+--------+

Top non-repeatable levels by time:
  Lair:6: 2988 daAuts
     D:8: 1927 daAuts
    D:12: 1753 daAuts
    D:11: 1590 daAuts
     D:5: 1363 daAuts
  Lair:5: 1273 daAuts
    D:10: 1213 daAuts
     D:3: 1194 daAuts
     D:9: 1163 daAuts
  Lair:3: 1123 daAuts
  Lair:2: 1111 daAuts
     D:2: 1040 daAuts
Gauntlet: 989 daAuts
  Lair:4: 919 daAuts
     D:7: 884 daAuts
